 Dungeon Sprint DCSS version 0.21.1-1-g345015f (webtiles) character file.

8477 Fang the Severer (level 11, -9/178 HPs)
             Began as a Minotaur Berserker on May 31, 2018.
             Was the Champion of Trog.
             Mangled by an orc warrior
             ... wielding a +0 mace
              (11 damage)
             ... in the Dungeon (Sprint IX: "|||||||||||||||||||||||||||||").
             The game lasted 00:04:41 (2046 turns).

Fang the Severer (Minotaur Berserker)               Turns: 2046, Time: 00:04:42

Health: -9/178     AC:  8    Str: 29    XL:     11   Next: 10%
Magic:  3/3        EV: 19    Int:  4    God:    Trog [******]
Gold:   669        SH:  0    Dex: 11    Spells: 10/10 levels left

rFire    . . .     SeeInvis .   x - +3 battleaxe (antimagic)
rCold    . . .     Gourm    .   (shield currently unavailable)
rNeg     + . .     Faith    .   q - +2 leather armour of Lugonu's Generosity {rN+}
rPois    .         Spirit   .   (helmet restricted)
rElec    .         Reflect  .   (no cloak)
rCorr    .         Harm     .   (no gloves)
MR       .....     NoTele   +   (no boots)
Stlth    ..........             (no amulet)
HPRegen  0.39/turn              o - +2 ring of protection
MPRegen  0.08/turn              p - +2 ring of evasion

@: berserking (expiring), very quick
A: retaliatory headbutt, horns 2
a: Berserk, Trog's Hand, Brothers in Arms, Burn Spellbooks, Renounce Religion


You were in the Dungeon.
You worshipped Trog.
Trog was exalted by your worship.
You were hungry.

You visited 1 branch You collected 669 gold pieces.

Inventory:

Hand Weapons
 b - a +0 broad axe of chopping
 v - a +3 hand axe of draining
 w - a +6 battleaxe of freezing
 x - a +3 antimagic battleaxe (weapon)
 y - a +9 executioner's axe of venom
Armour
 q - the +2 leather armour of Lugonu's Generosity (worn) {rN+}
   (You found it in the Dungeon)

   It protects you from negative energy.
Jewellery
 o - a +2 ring of protection (left hand)
 p - a +2 ring of evasion (right hand)
Wands
 a - a wand of flame (35)
 m - a wand of acid (10)
Scrolls
 i - 2 scrolls of blinking
 l - 3 scrolls of remove curse
 r - a scroll of fear
 s - 4 scrolls of enchant armour
 t - a scroll of identify
Potions
 d - 5 potions of curing
 e - 7 potions of heal wounds
 f - 2 potions of haste
 g - 4 potions of magic
 h - 2 potions of berserk rage
 j - a potion of brilliance
 k - a potion of invisibility
 u - a potion of lignification
Comestibles
 c - 12 rations
 z - 6 chunks of flesh


   Skills:
 + Level 18.2 Fighting
 + Level 19.8 Axes
 + Level 9.0 Armour
 + Level 10.5 Dodging
 + Level 4.7 Stealth


You had 10 spell levels left.
You didn't know any spells.

Dungeon Overview and Level Annotations

Branches:
Dungeon (1/1)

Altars:
Cheibriados
Dithmenos
Elyvilon
Fedhas
Gozag
Hepliaklqana
Kikubaaqudgha
Makhleb
Nemelex Xobeh
Okawaru
Qazlal
Ru
Sif Muna
Trog
Uskayaw
Vehumet
Wu Jian
Xom
Yredelemnul
Zin
The Shining One
Beogh
Jiyva
Lugonu


Innate Abilities, Weirdness & Mutations

You reflexively headbutt those who attack you in melee.
You have a pair of horns on your head.


Message History

You barely miss the orc knight. You headbutt the orc knight!
The orc knight is lightly wounded.
You hit the orc knight but do no damage.
The orc knight is lightly wounded.
You slice the orc knight!!
The orc knight is heavily wounded.
The orc knight hits you with a war axe!
* * * LOW HITPOINT WARNING * * *
You cut the orc knight into ribbons!!!
You feel the power of Trog in you as your rage grows.
You kill the orc knight!
Trog accepts your kill. Something appears at your feet!
Trog grants you a weapon!
Your Armour skill increases to level 9!
You closely miss the orc warrior. You closely miss the orc warrior.
Unknown command.
You completely miss the orc warrior. The orc warrior hits you with a mace!
You die...

▓'▓.▓'▓.▓
▓_▓.▓.▓.▓+▓
▓_▓.▓.▓.▓.▓
▓_▓.▓.▓.▓.▓
▓_▓.▓.▓.▓.▓
▓_▓.▓.▓.▓o▓
▓_▓.▓.▓.▓o▓
▓_▓.▓÷▓.▓o▓
▓_▓.▓.▓.▓@▓
▓_▓.▓.▓.▓)▓
▓_▓.▓'▓.▓)▓
▓_▓.▓.▓.▓)▓
▓_▓.▓.▓.▓)▓
▓_▓.▓.▓.▓)▓
▓_▓.▓.▓.▓)▓
▓_▓.▓.▓.▓.▓
▓_▓.▓.▓.▓.▓


You could see 3 orc warriors.

Vanquished Creatures
  A centaur warrior (D)
  An unseen horror (D)
  2 orc knights (D)
  An orc sorcerer (D)
  An elephant (D)
  3 spiny frogs (D)
  A komodo dragon (D)
  A rime drake (D)
  2 tyrant leeches (D)
  2 blink frogs (D)
  2 hippogriffs (D)
  3 yaks (D)
  A wyvern (D)
  2 basilisks (D)
  2 vampire mosquitoes (D)
  An acid dragon (D)
  A water moccasin (D)
  2 porcupines (D)
  10 orc warriors (D)
  An ice beast (D)
  An ogre (D)
  3 crocodiles (D)
  3 bullfrogs (D)
  A howler monkey (D)
  An orc priest (D)
  4 orc wizards (D)
  A worker ant (D)
  An adder (D)
  A shadow imp (D)
  A dart slug (D)
  5 orcs (D)
  A ball python (D)
  A giant cockroach (D)
  A hobgoblin (D)
  A quokka (D)
  A frilled lizard (D)
  A goblin (D)
  A jackal skeleton (D)
  A rat (D)
70 creatures vanquished.

Notes
Turn   | Place    | Note
-------+----------+-------------------------------------------
     0 | D        | Fang the Minotaur Berserker began the quest for the Orb.
     0 | D        | Reached XP level 1. HP: 19/19 MP: 0/0
     7 | D        | Reached skill level 4 in Axes
     9 | D        | Reached ** piety under Trog
    97 | D        | Noticed a worker ant
    97 | D        | Noticed a howler monkey
   105 | D        | Killed a howler monkey
   105 | D        | Reached skill level 6 in Axes
   105 | D        | Reached XP level 2. HP: 30/30 MP: 1/1
   105 | D        | Reached XP level 3. HP: 37/37 MP: 2/2
   107 | D        | Reached *** piety under Trog
   117 | D        | Reached skill level 7 in Axes
   117 | D        | Reached XP level 4. HP: 28/47 MP: 3/3
   271 | D        | Found a roughly hewn altar of Beogh.
   271 | D        | Found a snail-covered altar of Cheibriados.
   271 | D        | Found a shadowy altar of Dithmenos.
   271 | D        | Found a white marble altar of Elyvilon.
   271 | D        | Found a blossoming altar of Fedhas.
   271 | D        | Found an opulent altar of Gozag.
   272 | D        | Found a hazy altar of Hepliaklqana.
   273 | D        | Found a viscous altar of Jiyva.
   274 | D        | Found an ancient bone altar of Kikubaaqudgha.
   275 | D        | Found a corrupted altar of Lugonu.
   276 | D        | Found a burning altar of Makhleb.
   277 | D        | Found a sparkling altar of Nemelex Xobeh.
   278 | D        | Found an iron altar of Okawaru.
   279 | D        | Found a stormy altar of Qazlal.
   280 | D        | Found a sacrificial altar of Ru.
   281 | D        | Found a deep blue altar of Sif Muna.
   282 | D        | Found a bloodstained altar of Trog.
   283 | D        | Found a hide-covered altar of Uskayaw.
   284 | D        | Found a radiant altar of Vehumet.
   285 | D        | Found an ornate altar of the Wu Jian Council.
   286 | D        | Found a shimmering altar of Xom.
   287 | D        | Found a basalt altar of Yredelemnul.
   288 | D        | Found a glowing silver altar of Zin.
   289 | D        | Found a glowing golden altar of the Shining One.
   321 | D        | Noticed an ice beast
   321 | D        | Noticed a yak
   321 | D        | Noticed a hippogriff
   321 | D        | Noticed an ogre
   324 | D        | Killed an ogre
   324 | D        | Reached **** piety under Trog
   324 | D        | Reached skill level 9 in Axes
   324 | D        | Reached XP level 5. HP: 36/56 MP: 4/4
   328 | D        | Killed a hippogriff
   328 | D        | Reached skill level 10 in Fighting
   328 | D        | Reached skill level 11 in Axes
   328 | D        | Reached skill level 5 in Armour
   328 | D        | Reached skill level 5 in Dodging
   328 | D        | Reached XP level 6. HP: 19/67 MP: 5/5
   331 | D        | Killed a yak
   333 | D        | Reached ***** piety under Trog
   335 | D        | Killed an ice beast
   335 | D        | Reached skill level 12 in Axes
   335 | D        | Reached XP level 7. HP: 10/75 MP: 6/6
   634 | D        | Noticed a hippogriff
   634 | D        | Noticed a centaur warrior
   637 | D        | Killed a centaur warrior
   637 | D        | Received a gift from Trog
   637 | D        | Reached skill level 14 in Axes
   637 | D        | Reached skill level 1 in Stealth
   637 | D        | Reached XP level 8. HP: 86/86 MP: 7/7
   639 | D        | Killed a hippogriff
   653 | D        | Killed an unseen horror
   653 | D        | Reached skill level 15 in Axes
   653 | D        | Reached XP level 9. HP: 35/96 MP: 8/8
   997 | D        | Got the +2 leather armour of Lugonu's Generosity {rN+}
  1020 | D        | Noticed a komodo dragon
  1026 | D        | Killed a komodo dragon
  1029 | D        | Reached skill level 16 in Axes
  1031 | D        | Reached skill level 15 in Fighting
  1036 | D        | Noticed an elephant
  1039 | D        | Received a gift from Trog
  1051 | D        | Killed an elephant
  1051 | D        | Reached skill level 17 in Axes
  1304 | D        | Noticed a rime drake
  1304 | D        | Noticed a spiny frog
  1311 | D        | Killed a spiny frog
  1312 | D        | Reached ****** piety under Trog
  1313 | D        | Reached XP level 10. HP: 107/107 MP: 9/9
  1317 | D        | Received a gift from Trog
  1319 | D        | Noticed a spiny frog
  1326 | D        | Killed a spiny frog
  1326 | D        | Reached skill level 18 in Axes
  1371 | D        | Noticed a spiny frog
  1375 | D        | Killed a spiny frog
  1383 | D        | Received a gift from Trog
  1814 | D        | Noticed an orc knight
  1827 | D        | Killed an orc knight
  1827 | D        | Reached skill level 19 in Axes
  1827 | D        | Reached skill level 10 in Dodging
  1832 | D        | Received a gift from Trog
  1833 | D        | Noticed an orc sorcerer
  1845 | D        | Killed an orc sorcerer
  1848 | D        | Received a gift from Trog
  2021 | D        | Noticed an orc knight
  2027 | D        | Reached XP level 11. HP: 115/119 MP: 3/10
  2042 | D        | HP: 1/178 [orc knight/war axe (12)]
  2043 | D        | Killed an orc knight
  2043 | D        | Received a gift from Trog
  2046 | D        | Mangled by an orc warrior

Skill      XL: |  1  2  3  4  5  6  7  8  9 10 11 |
---------------+----------------------------------+-----
Fighting       | 6 7 8 10 11 13 14 16 18 | 18.2
Axes           | 6 7 9 11 12 14 15 17 19 | 19.8
Armour         | 3 4 5 6 7 8 9 |  9.0
Dodging        | 3 4 5 6 7 8 10 | 10.5
Stealth        | 1 3 4 |  4.7

Action                   |  1- 3 |  4- 6 |  7- 9 | 10-12 || total
-------------------------+-------+-------+-------+-------++-------
Melee: Hand axe          |    28 |       |       |    35 ||    63
       Headbutt          |     4 |     3 |    13 |    19 ||    39
       War axe           |       |    11 |    42 |       ||    53
       Battleaxe         |       |       |     8 |    62 ||    70
Invok: Berserk           |     1 |     1 |     3 |     3 ||     8
  Use: Scroll            |       |       |       |     2 ||     2
  Eat: Chunk             |       |       |     5 |     5 ||    10
Armor: Animal skin       |     2 |       |     1 |       ||     3
       Leather armour    |       |       |     2 |     5 ||     7
Dodge: Dodged            |     9 |     3 |    22 |    39 ||    73
